 Dungeon Crawl Stone Soup version 0.29-a0-334-gb41bcbb86e (webtiles) character file.

Game seed: 3826217269938638969

471 brightshaft the Shield-Bearer (level 7, -8/59 HPs)
             Began as a Gnoll Wanderer on Apr 15, 2022.
             Mangled by Crazy Yiuf
             ... wielding a +3 quarterstaff of chaos
              (22 damage)
             ... on level 4 of the Dungeon.
             The game lasted 00:06:06 (3757 turns).

brightshaft the Shield-Bearer (Gnoll Wanderer)      Turns: 3757, Time: 00:06:06

Health: -8/59      AC:  4    Str: 13    XL:     7   Next: 9%
Magic:  10/10      EV: 12    Int:  8    God:
Gold:   147        SH:  8    Dex: 15    Spells: 10/10 levels left

rFire   . . .      SeeInvis .   C - +1 flail (vorpal)
rCold   . . .      Faith    .   f - +2 buckler
rNeg    . . .      Spirit   .   e - +0 leather armour
rPois   .          Reflect  .   (no helmet)
rElec   .          Harm     .   c - +0 cloak
rCorr   .          Rampage  .   (no gloves)
Will    .....                   (no boots)
Stlth   ++........              (no amulet)
HPRegen 0.19/turn               (no ring)
MPRegen 0.12/turn               (no ring)

@: no status effects
A: fangs 1, strong nose, distributed training
a: no special abilities


You were on level 4 of the Dungeon.
You visited 1 branch of the dungeon, and saw 4 of its levels.

You collected 147 gold pieces.

Inventory:

Hand Weapons
 a - a +1 short sword of speed
 b - a +0 hunting sling
 m - a +0 dagger
 y - a +0 mace
 C - a +1 vorpal flail (weapon)
Armour
 c - a +0 cloak (worn)
 e - a +0 leather armour (worn)
 f - a +2 buckler (worn)
Magical Staves
 A - a staff of conjuration
Wands
 w - a wand of iceblast (10)
Scrolls
 h - 6 scrolls of identify {unknown}
 i - a scroll of vulnerability {unknown}
 j - a scroll of fog {unknown}
 n - a scroll of enchant weapon {unknown}
 s - a scroll of enchant armour {unknown}
 t - a scroll of teleportation {@r4}
 u - a scroll of acquirement {unknown}
 z - a scroll of fear {unknown}
 B - a scroll of blinking {unknown}
 D - a scroll of torment {unknown}
Potions
 d - a potion of haste {@q3}
 g - 2 potions of ambrosia {unknown}
 k - 3 potions of attraction {unknown}
 l - 3 potions of brilliance {unknown}
 o - 4 potions of heal wounds {unknown}
 p - a potion of flight {unknown}
 q - a potion of curing {unknown}
 r - a potion of cancellation {unknown}
 v - 3 potions of lignification {unknown}
 x - 4 potions of degeneration {unknown}


   Skills:
 + Level 6.9 Fighting
 + Level 2.2 Short Blades
 + Level 2.2 Long Blades
 + Level 2.2 Axes
 + Level 2.2 Maces & Flails
 + Level 2.2 Polearms
 + Level 2.2 Staves
 + Level 2.2 Slings
 + Level 2.2 Bows
 + Level 2.2 Crossbows
 + Level 3.4 Throwing
 + Level 3.4 Armour
 + Level 3.4 Dodging
 + Level 2.2 Stealth
 + Level 6.9 Shields
 + Level 2.2 Unarmed Combat
 + Level 2.2 Spellcasting
 + Level 1.8 Conjurations
 + Level 1.8 Hexes
 + Level 1.8 Summonings
 + Level 1.8 Necromancy
 + Level 1.8 Translocations
 + Level 1.8 Transmutations
 + Level 1.8 Fire Magic
 + Level 1.8 Ice Magic
 + Level 1.8 Air Magic
 + Level 1.8 Earth Magic
 + Level 1.8 Poison Magic
 + Level 2.5 Invocations
 + Level 3.4 Evocations


You had 10 spell levels left.
You didn't know any spells.
Your spell library contained the following spells:

 Spells                   Type           Power      Damage    Failure   Level
 Sting                    Tmut/Pois      12%        1d3       26%         1
 Summon Small Mammal      Summ           12%        N/A       26%         1
 Poisonous Vapours        Pois/Air       6%         N/A       36%         2
 Call Canine Familiar     Summ           3%         N/A       58%         3
 Summon Guardian Golem    Hex/Summ       3%         N/A       58%         3
 Olgreb's Toxic Radiance  Pois           3%         N/A       94%         4


Dungeon Overview and Level Annotations

Branches:
Dungeon (4/15)
 Temple: D:4-7

Altars:
Qazlal
Lugonu

Shops:
D:2 :!(=   D:4 :

Portals:
Abyss: D:3

Annotations:
D:4 Crazy Yiuf


Innate Abilities, Weirdness & Mutations

You have very sharp teeth.
Your uncanny sense of smell can sniff out nearby items.
Your experience applies equally to all skills.


Message History

The iguana barely misses you.
You hit the iguana.
You kill the iguana!
You see here an iguana corpse.
There is a stone staircase leading down here.
There is an open door here.
There is an open door here.
Things that are here:
a +0 club; a +0 dagger
There is a stone staircase leading down here.
There is an open door here.
As you open the door, it creaks loudly!
Crazy Yiuf shouts!
You barely miss Crazy Yiuf.
Crazy Yiuf hits you with a +3 quarterstaff of chaos!
Crazy Yiuf burns you. You block Crazy Yiuf's attack.
You hit Crazy Yiuf but do no damage.
Crazy Yiuf says, "Mountain broken hog!"
Crazy Yiuf misses you.
You hit Crazy Yiuf.
Crazy Yiuf is lightly wounded.
You block Crazy Yiuf's attack.
You hit Crazy Yiuf.
Crazy Yiuf is moderately wounded.
Crazy Yiuf hits you with a +3 quarterstaff of chaos!
Crazy Yiuf freezes you.
Crazy Yiuf hits you with a +3 quarterstaff of chaos!
Crazy Yiuf burns you.
* * * LOW HITPOINT WARNING * * *
You thump Crazy Yiuf!
Crazy Yiuf is almost dead.
Crazy Yiuf says, "Crazy?
Crazy!?
PORCUPINE!"
You block Crazy Yiuf's attack.
You closely miss Crazy Yiuf.
Crazy Yiuf is almost dead.
Crazy Yiuf drinks a potion.
Crazy Yiuf goes berserk!
You hit Crazy Yiuf.
Crazy Yiuf is almost dead.
Crazy Yiuf barely misses you.
Crazy Yiuf hits you with a +3 quarterstaff of chaos!!
You die...

.#
#.........#........#
.#
#.........#........#
.#
#...........#'.#####
.# ##############.#
.# #.# .# #.## .#
### ♣♣##..# .#
#)..#♣♣ ♣♣.....# .#
#...g@♣♣♣♣P.....# .#
#...#♣..♣.P....## .#
### ♣♣♣.♣....## .#
♣♣♣♣♣### .# ##


You could see Crazy Yiuf (berserk).

Vanquished Creatures
  An ogre (D:4)
  A necrophage (D:4)
  A scorpion (D:4)
  A howler monkey (D:4)
  2 hounds (D:4)
  2 iguanas (D:4)
  An adder (D:2)
  4 gnolls (D:4)
  2 ufetubi (D:4)
  2 worms
  2 dart slugs (D:2)
  2 orcs (D:3)
  7 ball pythons
  7 endoplasms
  5 giant cockroaches
  6 goblins
  3 hobgoblins (D:4)
  A quokka (D:3)
  3 bats
  A frilled lizard (D:1)
  7 kobolds
  5 rats
  3 lurking horrors (D:3)
69 creatures vanquished.

Notes
Turn   | Place    | Note
-------+----------+-------------------------------------------
     0 | D:1      | brightshaft the Gnoll Wanderer began the quest for the Orb.
     0 | D:1      | brightshaft set off with the following items: a +0 dagger,
                  | a scroll of teleportation {@r4}, a +0 cloak, a potion of
                  | haste {@q3}, a +0 leather armour, a +2 buckler
     0 | D:1      | Reached XP level 1. HP: 23/23 MP: 1/1
    47 | D:1      | Found a faded altar of an unknown god.
   226 | D:1      | Reached XP level 2. HP: 29/29 MP: 2/2
   771 | D:2      | Found Jebli's Jewellery Emporium.
   836 | D:2      | Found Penofirph's Distillery.
   844 | D:2      | Found Xofoo's Weapon Emporium.
   918 | D:2      | Reached XP level 3. HP: 35/35 MP: 3/3
  1021 | D:2      | Reached skill level 1 in Invocations
  1036 | D:2      | Found Mosubo's Book Emporium.
  1757 | D:3      | Found a corrupted altar of Lugonu.
  1758 | D:3      | Found a one-way gate to the infinite horrors of the Abyss.
  1844 | D:3      | Reached skill level 1 in Short Blades
  1844 | D:3      | Reached skill level 1 in Long Blades
  1844 | D:3      | Reached skill level 1 in Axes
  1844 | D:3      | Reached skill level 1 in Maces & Flails
  1844 | D:3      | Reached skill level 1 in Polearms
  1844 | D:3      | Reached skill level 1 in Staves
  1844 | D:3      | Reached skill level 1 in Slings
  1844 | D:3      | Reached skill level 1 in Bows
  1844 | D:3      | Reached skill level 1 in Crossbows
  1844 | D:3      | Reached skill level 1 in Stealth
  1844 | D:3      | Reached skill level 1 in Unarmed Combat
  1844 | D:3      | Reached skill level 1 in Spellcasting
  2218 | D:3      | Reached XP level 4. HP: 41/41 MP: 5/5
  2591 | D:4      | Found Miq Paacs's Book Boutique.
  2608 | D:4      | Noticed a scorpion
  2626 | D:4      | Killed a scorpion
  2627 | D:4      | Reached skill level 1 in Conjurations
  2627 | D:4      | Reached skill level 1 in Hexes
  2627 | D:4      | Reached skill level 1 in Summonings
  2627 | D:4      | Reached skill level 1 in Necromancy
  2627 | D:4      | Reached skill level 1 in Translocations
  2627 | D:4      | Reached skill level 1 in Transmutations
  2627 | D:4      | Reached skill level 1 in Fire Magic
  2627 | D:4      | Reached skill level 1 in Ice Magic
  2627 | D:4      | Reached skill level 1 in Air Magic
  2627 | D:4      | Reached skill level 1 in Earth Magic
  2627 | D:4      | Reached skill level 1 in Poison Magic
  2627 | D:4      | Reached XP level 5. HP: 41/47 MP: 6/6
  2719 | D:4      | Found a stormy altar of Qazlal.
  2743 | D:4      | Noticed an ogre
  2886 | D:4      | Reached XP level 6. HP: 53/53 MP: 8/8
  3489 | D:4      | Found a runed translucent door.
  3490 | D:4      | Noticed Crazy Yiuf
  3568 | D:4      | Reached XP level 7. HP: 56/59 MP: 10/10
  3757 | D:4      | Mangled by Crazy Yiuf

Illustrated notes

Levels and vault maps discovered:
D:1:      scummos_arrival_star, layout_rooms, ebering_ecumenical_altar_box,
          chequers_serial_rivers_micro_d
D:2:      layout_basic, serial_shops, nicolae_shop_stone, shop_fountains,
          nicolae_shop_waterfront, nicolae_square_shop, serial_co_window_serial,
          co_window_paths_a, co_window_paths_a, co_window_corner_a,
          co_window_paths_b, co_window_paths_a, co_window_broadway_a,
          co_window_corner_b, co_window_2corner, co_window_4corner_b
D:3:      layout_loops_ring, amcnicky_altar_lugonu_corruption
D:4:      layout_basic, mainiacjoe_overflow_brackets, serial_shops, shop_statue,
          uniq_crazy_yiuf_cottage

Skill      XL: |  1  2  3  4  5  6 |
---------------+-------------------+-----
Invocations    | 1 2 |  2.5
Short Blades   | 1 2 |  2.2
Long Blades    | 1 2 |  2.2
Axes           | 1 2 |  2.2
Maces & Flails | 1 2 |  2.2
Polearms       | 1 2 |  2.2
Staves         | 1 2 |  2.2
Slings         | 1 2 |  2.2
Bows           | 1 2 |  2.2
Crossbows      | 1 2 |  2.2
Stealth        | 1 2 |  2.2
Unarmed Combat | 1 2 |  2.2
Spellcasting   | 1 2 |  2.2
Conjurations   | 1 |  1.8
Hexes          | 1 |  1.8
Summonings     | 1 |  1.8
Necromancy     | 1 |  1.8
Translocations | 1 |  1.8
Transmutations | 1 |  1.8
Fire Magic     | 1 |  1.8
Ice Magic      | 1 |  1.8
Air Magic      | 1 |  1.8
Earth Magic    | 1 |  1.8
Poison Magic   | 1 |  1.8
Throwing       | 3 |  3.4
Armour         | 3 |  3.4
Dodging        | 3 |  3.4
Evocations     | 3 |  3.4
Fighting       | |  6.9
Shields        | |  6.9

Action                   |  1- 3 |  4- 6 |  7- 9 || total
-------------------------+-------+-------+-------++-------
Melee: Dagger            |    42 |       |       ||    42
       Bite              |    12 |    12 |     1 ||    25
       Mace              |    58 |       |       ||    58
       Short sword       |    12 |    56 |       ||    68
       Flail             |       |    20 |    14 ||    34
 Fire: Hunting sling     |    26 |   149 |       ||   175
 Stab: Sleeping          |     4 |     2 |       ||     6
Armor: Leather armour    |    24 |     5 |     2 ||    31
Dodge: Dodged            |    69 |    39 |     6 ||   114
Block: Buckler           |    46 |    32 |     3 ||    81

Table legend: (Time is in decaauts)
 A = Elapsed time spent in this place.
 B = Non-inter-level travel time spent in this place.
 C = Inter-level travel time spent in this place.
 D = Time resting spent in this place.
 E = Time spent auto-exploring this place.
 F = Levels seen in this place.
 G = Mean time per level.
                   A        B        C        D        E       F      G
               +--------+--------+--------+--------+--------+-----+--------+
         Total |   3859 |   3802 |     57 |      0 |   2957 |   4 |  964.8 |
       Dungeon |   3859 |   3802 |     57 |      0 |   2957 |   4 |  964.8 |
               +--------+--------+--------+--------+--------+-----+--------+

Top non-repeatable levels by time:
     D:2: 1263 daAuts
     D:4: 1233 daAuts
     D:3: 849 daAuts
     D:1: 512 daAuts
